 Dungeon Crawl Stone Soup version 0.29.1-15-g9cfb28693d (webtiles) character file.

Game seed: 11429387104648355212

441 Achh the Covered (level 6, -3/56 HPs)
             Began as a Minotaur Fighter on Mar 15, 2023.
             Killed by divine providence
             ... invoked by an orc priest
              (11 damage)
             ... on level 4 of the Dungeon.
             The game lasted 00:12:27 (2972 turns).

Achh the Covered (Minotaur Fighter)                 Turns: 2972, Time: 00:12:29

Health: -3/56      AC:  7    Str: 23    XL:     6   Next: 71%
Magic:  5/5        EV: 10    Int: 11    God:
Gold:   36         SH:  4    Dex:  9    Spells: 5/5 levels left

rFire   . . .      SeeInvis .   f - +2 dagger (drain)
rCold   . . .      Faith    .   c - +0 buckler
rNeg    . . .      Spirit   .   b - +0 scale mail
rPois   .          Reflect  .   (helmet restricted)
rElec   .          Harm     .   (no cloak)
rCorr   .          Rampage  .   (no gloves)
Will    .....                   (no boots)
Stlth   ..........              (no amulet)
HPRegen 0.18/turn               m - +6 ring of intelligence
MPRegen 0.09/turn               (no ring)

@: no status effects
A: horns 2, retaliatory headbutt
a: no special abilities


You were on level 4 of the Dungeon.
You visited 1 branch of the dungeon, and saw 4 of its levels.

You collected 36 gold pieces.

Inventory:

Hand Weapons
 a - a +0 war axe
 f - a +2 dagger of draining (weapon)
Armour
 b - a +0 scale mail (worn)
 c - a +0 buckler (worn)
Jewellery
 m - a +6 ring of intelligence (left hand)
Scrolls
 e - a scroll of enchant armour {unknown}
 g - a scroll of fog {unknown}
 i - a scroll of magic mapping {unknown}
 j - a scroll of blinking {unknown}
 l - a scroll of teleportation {unknown}
 n - a scroll of identify {unknown}
 p - a scroll of noise {unknown}
Potions
 d - a potion of curing
 h - 2 potions of lignification {unknown}
 k - 2 potions of resistance {unknown}
 o - a potion of brilliance {unknown}


   Skills:
 + Level 5.3 Fighting
 + Level 2.4 Short Blades
 + Level 2.9 Axes
 + Level 6.2 Armour
 + Level 1.8 Dodging
 + Level 0.1 Stealth
 + Level 4.9 Shields


You had 5 spell levels left.
You didn't know any spells.
Your spell library contained the following spells:

 Spells                   Type           Power      Damage    Failure   Level
 Apportation              Tloc           0%         N/A       71%         1
 Beastly Appendage        Tmut           0%         N/A       71%         1
 Necrotise                Necr           0%         1d4       71%         1
 Summon Small Mammal      Summ           0%         N/A       71%         1
 Ensorcelled Hibernation  Hex/Ice        0%         N/A       85%         2
 Passwall                 Tmut/Erth      0%         N/A       85%         2
 Wereblood                Tmut           0%         N/A       85%         2
 Spider Form              Tmut/Pois      0%         N/A       97%         3
 Swiftness                Air            0%         N/A       97%         3


Dungeon Overview and Level Annotations

Branches:
Dungeon (4/15)
 Temple: D:4-7

Altars:
Nemelex Xobeh
Sif Muna
Yredelemnul
Zin


Innate Abilities, Weirdness & Mutations

You have a pair of horns on your head.
You reflexively headbutt those who attack you in melee.


Message History

The orc is lightly wounded.
You hit the orc. You drain the orc.
The orc is almost dead.
The orc hits you with a +0 flail.
You hit the orc.
You kill the orc!
You see here a quokka corpse.
Found a stone staircase leading up.
An orc priest comes into view. It is wielding a +1 dagger of speed.
The orc priest shouts!
The orc priest invokes the aid of Beogh against you.
Pain shoots through your body!
The orc priest hits you but does no damage.
The orc priest hits you with a +1 dagger of speed.
You closely miss the orc priest.
The orc priest begins to cast a cantrip, but forgets the words!
You hit the orc priest.
The orc priest is moderately wounded.
The orc priest mumbles some strange prayers to Beogh against you.
Beogh smites you!
* * * LOW HITPOINT WARNING * * *
You hit the orc priest but do no damage.
You drain the orc priest. Your headbutt misses the orc priest.
The orc priest is moderately wounded.
The orc priest hits you but does no damage.
You hit the orc priest but do no damage.
Your headbutt misses the orc priest.
The orc priest is moderately wounded.
The orc priest looks satisfied for a moment.
You hit the orc priest but do no damage.
Your headbutt misses the orc priest.
The orc priest is moderately wounded.
The orc priest hits you but does no damage.
You hit the orc priest but do no damage.
You drain the orc priest.
The orc priest is severely wounded.
You block the orc priest's attack.
The orc priest mumbles some strange prayers to Beogh against you.
Beogh smites you!
You die...

#...# #...# #...# .... #..
#.# ###### ####.#####
#######....######)........
#<.......@o...†.).≈≈§≈≈≈§≈
#######....###....≈.....§.
#....# #....≈.#####.
#....# #....≈.....#.
#....# #..§.§.#._.#.
#....# #.##.≈§#.....
###### #.##§≈.#####.
#.##.≈§......
#.##..≈≈≈≈≈§≈


You could see an orc priest (very drained).

Vanquished Creatures
  A black bear (D:3)
  A scorpion (D:4)
  3 orc priests
  4 orc wizards
  3 adders
  4 worms
  4 dart slugs
  14 orcs
  5 endoplasms
  6 giant cockroaches
  4 goblins
  4 hobgoblins
  4 jackals
  6 quokkas
  2 ball pythons
  A bat (D:2)
  A frilled lizard (D:3)
  6 kobolds
  A rat (D:2)
74 creatures vanquished.

Notes
Turn   | Place    | Note
-------+----------+-------------------------------------------
     0 | D:1      | Achh the Minotaur Fighter began the quest for the Orb.
     0 | D:1      | Reached XP level 1. HP: 19/19 MP: 0/0
   141 | D:1      | Reached XP level 2. HP: 21/27 MP: 1/1
   221 | D:1      | You fall into a shaft and drop 1 floor!
   235 | D:2      | Reached skill level 4 in Armour
   386 | D:2      | Reached XP level 3. HP: 19/33 MP: 2/2
  1220 | D:3      | Reached XP level 4. HP: 37/41 MP: 3/3
  1632 | D:3      | Reached skill level 1 in Short Blades
  1643 | D:3      | Reached skill level 5 in Armour
  1643 | D:3      | Reached XP level 5. HP: 17/47 MP: 4/4
  1962 | D:3      | Found a sparkling altar of Nemelex Xobeh.
  1962 | D:3      | Found a transporter.
  1963 | D:3      | Noticed a black bear
  1980 | D:3      | Killed a black bear
  1981 | D:3      | Reached skill level 1 in Dodging
  1990 | D:3      | Reached XP level 6. HP: 33/55 MP: 5/5
  2201 | D:3      | Found a shimmering blue altar of Sif Muna.
  2227 | D:3      | Reached skill level 5 in Fighting
  2626 | D:4      | Reached skill level 6 in Armour
  2651 | D:4      | Found a glowing silver altar of Zin.
  2884 | D:4      | Found a basalt altar of Yredelemnul.
  2972 | D:4      | Killed from afar by an orc priest

Illustrated notes

Levels and vault maps discovered:
D:1:      grunt_arrival_crossed_arrows, layout_loops_ring,
          chequers_ecumenical_altar_simple_redux, dreamdust_wishing_well
D:2:      layout_basic
D:3:      layout_loops_ring, kennysheep_orc_sif_temple,
          grunt_nemelex_the_gamble, minivault_26
D:4:      layout_basic, lemuel_tele_altar, mainiacjoe_overflow_brackets,
          pdpol_temple_overflow_zin_treasury_gozag_greed,
          nicolae_ossuary_entry_false_entrances, hangedman_glass_teeth

Skill      XL: |  1  2  3  4  5  6 |
---------------+-------------------+-----
Armour         | 4 5 6 |  6.2
Shields        | 4 |  4.9
Fighting       | 4 5 |  5.3
Short Blades   | 1 2 |  2.4
Dodging        | 1 |  1.8
Axes           | |  2.9
Stealth        | |  0.1

Action                   |  1- 3 |  4- 6 || total
-------------------------+-------+-------++-------
Melee: War axe           |    23 |       ||    23
       Headbutt          |    16 |    14 ||    30
       Dagger            |    78 |   142 ||   220
  Use: Potion            |       |     1 ||     1
       Scroll            |       |     1 ||     1
Armor: Scale mail        |    34 |    88 ||   122
Dodge: Dodged            |    37 |    78 ||   115
Block: Buckler           |    20 |    19 ||    39
